 Dungeon Crawl Stone Soup version 0.20.0-6-gd3061e9 (webtiles) character file.

156338 greprep the Peltast (level 17, -2/148 HPs)
             Began as a Minotaur Fighter on May 28, 2017.
             Was the Champion of Qazlal.
             Slain by Nikola
             ... wielding a +3 rapier of electrocution
              (9 damage)
             ... on level 3 of the Swamp.
             The game lasted 01:19:30 (29822 turns).

greprep the Peltast (Minotaur Fighter)             Turns: 29822, Time: 01:19:30

Health: -2/148     AC: 30    Str: 32    XL:     17   Next: 10%
Magic:  31/31      EV: 13    Int:  5    God:    Qazlal [******]
Gold:   1003       SH: 26    Dex:  9    Spells: 16/16 levels left

rFire    + . .     SeeInvis .   L - +9 lance "Wyrmbane" {slay drac, rPois rF+ rC+ AC+3}
rCold    + + .     Gourm    .   Z - +2 shield
rNeg     . . .     Faith    .   E - +4 plate armour of Past Mistakes {+Inv Str+3 Int-4 Stlth+}
rPois    +         Spirit   .   F - +1 hat
rElec    +         Reflect  .   t - +0 cloak
rCorr    .         Harm     .   z - +2 pair of gloves
MR       ++...                  w - +0 pair of boots
Stlth    ..........             v - amulet of regeneration
Regen    0.8/turn               b - ring "Ciehiac" {MP+9 Slay+2}
MPRegen  0.3/turn               j - ring of Qequozo {*Slow rC+ MR+ Int+4}

@: about to teleport, silence, protected from electricity, repel missiles
A: retaliatory headbutt, horns 2
a: Renounce Religion, Evoke Invisibility


You were on level 3 of the Swamp.
You worshipped Qazlal.
Qazlal was exalted by your worship.
You were not hungry.

You visited 5 branches of the dungeon, and saw 27 of its levels.
You also visited: Ice Cave.

You collected 2846 gold pieces.
You spent 1843 gold pieces at shops.

Inventory:

Hand Weapons
 L - the +9 lance "Wyrmbane" (weapon) {slay drac, rPois rF+ rC+ AC+3}
   (You found it on level 13 of the Dungeon)

   It affects your AC (+3).
   It protects you from fire.
   It protects you from cold.
   It protects you from poison.
 N - a +3 scimitar of flaming
Armour
 t - a +0 cloak (worn)
 w - a +0 pair of boots (worn)
 z - a +2 pair of gloves (worn)
 B - the +4 chain mail "Boleg" {rF+}
   (You found it on level 13 of the Dungeon)

   It protects you from fire.
 E - the +4 plate armour of Past Mistakes (worn) {+Inv Str+3 Int-4 Stlth+}
   (You bought it in a shop on level 2 of the Orcish Mines)

   It affects your strength (+3).
   It affects your intelligence (-4).
   It lets you turn invisible.
   It makes you more stealthy.
 F - a +1 hat (worn)
 R - a +2 large shield
 Z - a +2 shield (worn)
Jewellery
 b - the ring "Ciehiac" (left hand) {MP+9 Slay+2}
   (You took it off a centaur warrior on level 15 of the Dungeon)

   [ring of magical power]

   It affects your accuracy and damage with ranged weapons and melee attacks
   (+2).
   It affects your magic capacity (+9).
 j - the ring of Qequozo (right hand) {*Slow rC+ MR+ Int+4}
   (You took it off a boggart on level 15 of the Dungeon)

   [ring of protection from magic]

   It affects your intelligence (+4).
   It protects you from cold.
   It affects your resistance to hostile enchantments.
   It may slow you when you take damage.
 v - an amulet of regeneration (around neck)
 x - an uncursed ring of see invisible
 G - a +3 ring of strength
Wands
 c - a wand of lightning (6/15)
 M - a wand of digging (12/24)
 P - a wand of digging (13/24)
Scrolls
 g - a scroll of holy word
 m - 13 scrolls of teleportation
 n - 5 scrolls of fear
 p - 6 scrolls of recharging
 q - a scroll of magic mapping
 u - 5 scrolls of enchant weapon
 y - 10 scrolls of remove curse
 D - 2 scrolls of fog
 H - 2 scrolls of enchant armour
 J - a scroll of summoning
 T - 3 scrolls of blinking
 V - 3 scrolls of identify
Potions
 a - 3 potions of cancellation
 d - 5 potions of might
 k - 7 potions of haste
 l - 6 potions of curing
 o - a potion of flight
 r - 4 potions of resistance
 s - 3 potions of invisibility
 A - 5 potions of agility
 C - 2 potions of ambrosia
 K - a potion of berserk rage
 S - a potion of magic
 Y - a potion of heal wounds
Books
 e - a book of Unlife

   Spells                             Type                      Level
   a - Recall                         Summoning/Translocation      3
   b - Animate Dead                   Necromancy                   4
   c - Control Undead                 Necromancy                   4
   d - Cigotuvi's Embrace             Necromancy                   5
   e - Death Channel                  Necromancy                   6
   f - Simulacrum                     Ice/Necromancy               6
Comestibles
 f - 11 bread rations
 h - 14 meat rations
 i - 4 royal jellies


   Skills:
 + Level 12.4 Fighting
 - Level 15.4 Long Blades
 * Level 13.4 Polearms
 * Level 13.2 Armour
 * Level 12.4 Dodging
 * Level 18.8 Shields
 * Level 8.8 Invocations
 + Level 0.3 Evocations


You had 16 spell levels left.
You didn't know any spells.

Dungeon Overview and Level Annotations

Branches:
Dungeon (15/15)            Temple (1/1) D:6            Lair (6/6) D:11
  Swamp (3/4) Lair:3       Spider (0/4) Lair:3        Slime (0/5) Lair:5
    Orc (2/2) D:9             Elf (0/3) Orc:2        Vaults (0/5) D:14
 Depths (0/5) D:15

Altars:
Ashenzari
Cheibriados
Dithmenos
Elyvilon
Fedhas
Gozag
Hepliaklqana
Kikubaaqudgha
Makhleb
Nemelex Xobeh
Okawaru
Qazlal
Ru
Sif Muna
Trog
Uskayaw
Vehumet
Xom
Yredelemnul
Zin
The Shining One

Shops:
D:15 *[}   Orc:1 [   Orc:2 :*[((

Portals:
Trove: D:11 (give 16 potions of curing)

Annotations:
Swamp:3 Nikola


Innate Abilities, Weirdness & Mutations

You reflexively headbutt those who attack you in melee.
You have a pair of horns on your head.


Message History

* * * LOW HITPOINT WARNING * * *
The lightning arc hits Nikola.
The lightning arc hits you!
You feel protected from electricity.
* * * LOW HITPOINT WARNING * * *
The lightning arc hits Nikola.
As you read the scroll of teleportation, it crumbles to dust.
You feel strangely unstable.
Nikola mumbles some strange words.
You hear a mighty clap of thunder!
The lightning arc hits you! You resist.
* * * LOW HITPOINT WARNING * * *
The lightning arc hits Nikola.
The lightning arc hits you! You resist.
* * * LOW HITPOINT WARNING * * *
The lightning arc hits Nikola.
The lightning arc hits you! You resist.
* * * LOW HITPOINT WARNING * * *
Unknown command.
As you read the scroll of silence, it crumbles to dust.
A profound silence engulfs you.
Nikola hits you with a rapier of electrocution!
You die...

♣♣ ♣♣♣♣♣♣ ♣♣♣♣♣♣ ♣♣♣♣♣♣ ♣≈
≈≈...♣♣ ♣≈...♣ ♣≈...♣♣♣≈
≈≈....♣♣♣ ♣..≈≈♣ ♣....≈♣≈≈
....≈≈≈≈♣♣♣♣♣♣≈≈≈♣♣ ♣♣.....♣.
≈.≈.≈..≈≈≈..≈.§♣♣♣ ♣♣♣♣≈...≈♣♣
.......≈≈≈≈≈≈≈.§)♣ ♣≈≈.♣...♣♣♣
≈......≈≈≈.≈≈≈§..♣♣♣♣♣♣.≈.♣♣≈♣♣♣♣
@...≈≈≈≈≈≈♣....§@§♣♣≈≈≈..♣♣♣♣♣ ♣.
≈≈≈≈≈≈.≈≈≈......§@..≈≈≈≈≈♣♣.≈♣♣♣.
≈≈≈....≈≈...≈§≈.≈§.≈≈≈≈≈.♣♣.≈≈.≈≈
≈≈...♣....(≈.≈≈≈≈≈.[≈≈≈.≈♣.≈≈≈≈.≈
....♣♣♣♣♣♣♣≈≈≈.).≈≈≈≈♣≈.♣♣.≈≈≈≈§.
≈♣≈.≈.♣♣ ♣.≈....≈≈≈♣♣♣≈.♣♣.≈≈≈..
♣♣♣...≈♣ ♣≈..≈≈.≈≈≈.<♣♣♣≈≈≈.....
♣≈....♣♣♣♣♣≈.≈≈≈≈≈≈≈.≈♣ ♣....≈≈≈≈
≈....♣♣♣♣....≈..≈≈....♣ ♣♣♣≈.≈≈≈≈


You could see Nikola.

Vanquished Creatures
  A tentacled monstrosity (Swamp:2)
  3 thorn hunters
  Donald (Swamp:1)
  4 frost giants
  2 orc warlords
  A stone giant (D:15)
  A dire elephant (Lair:6)
  Azrael (D:14)
  Erolcha (D:9)
  12 hydras
  2 yaktaur captains (D:15)
  6 vault guards
  A catoblepas (Lair:6)
  11 two-headed ogres
  Erica (D:8)
  A ghost crab (Swamp:1)
  An ogre mage (D:15)
  8 alligators
  6 centaur warriors
  A deep troll shaman (Lair:6)
  2 tengu warriors (D:15)
  16 death yaks
  A deep troll earth mage (D:14)
  3 orc high priests (Orc:2)
  5 skeletal warriors (D:12)
  Nergalle (D:11)
  2 swamp dragons (Swamp:3)
  2 unseen horrors
  3 spriggan druids
  A shambling mangrove (Swamp:3)
  The ghost of inmateoo the Martial Artist, a novice TeTm of Yredelemnul (D:7)
  A lindwurm (Lair:6)
  An orange crystal statue (D:9)
  An orb spider (shapeshifter) (D:15)
  2 oklob plants (Lair:5)
  5 orc knights
  8 orc sorcerers
  4 ugly things
  16 slime creatures
  2 manticores
  14 elephants (Lair:6)
  6 black mambas
  Maurice (D:11)
  A vault sentinel (D:14)
  5 centaur zombies
  An ice statue (IceCv)
  Psyche (D:12)
  2 guardian serpents
  Joseph (D:9)
  3 kobold demonologists
  2 gargoyles
  17 spiny frogs
  4 rime drakes
  6 komodo dragons
  2 freezing wraiths
  2 yaktaurs
  An efreet (D:14)
  A tengu conjurer (D:15)
  A merfolk (shapeshifter) (D:15)
  9 trolls
  3 meliai (D:13)
  4 hornets
  2 harpy skeletons
  9 tyrant leeches
  14 polar bears
  24 blink frogs
  2 bog bodies
  11 hippogriffs
  A meliai zombie (D:12)
  A redback (Lair:3)
  2 wraiths (D:14)
  5 shadows
  5 wyverns
  2 vampires
  70 yaks
  2 steam dragons (D:12)
  4 fire elementals (D:14)
  3 basilisks
  14 vampire mosquitoes
  3 wargs (Orc:2)
  16 swamp worms
  2 soldier ants
  An acid dragon (D:14)
  Duvessa (D:4)
  4 hell hounds (D:14)
  13 water moccasins
  A porcupine (shapeshifter) (D:13)
  29 orc warriors
  4 porcupines
  4 swamp drakes
  A hornet zombie (D:12)
  2 floating eyes (D:15)
  4 ice beasts
  2 black bears
  A necrophage (D:12)
  4 sky beasts
  9 boggarts
  16 wolves
  9 ogres
  6 centaurs
  15 crocodiles
  7 big kobolds
  18 bullfrogs
  Dowan (D:4)
  A wyvern zombie (D:7)
  7 scorpions
  10 killer bees
  6 wights
  2 electric eels
  6 howler monkeys
  6 crimson imps
  5 hounds
  3 bullfrog zombies
  24 orc priests
  5 centaur skeletons
  21 orc wizards
  A bullfrog skeleton (D:5)
  4 iguanas
  13 worker ants
  A bullfrog simulacrum (D:13)
  2 hound skeletons
  A howler monkey skeleton (D:10)
  3 gnolls (D:5)
  16 adders
  A river rat (Lair:2)
  3 shadow imps
  An ooze (D:1)
  An adder skeleton (D:4)
  2 adder zombies
  2 dart slugs
  5 leopard geckos
  89 orcs
  8 bats
  5 giant cockroaches
  6 goblins
  6 hobgoblins
  17 jackals
  6 quokkas
  A ball python (D:4)
  3 frilled lizards
  14 kobolds
  A quokka skeleton (D:8)
  A quokka zombie (D:5)
  10 rats
  3 briar patches
  2 plants (Lair:5)
897 creatures vanquished.

Vanquished Creatures (others)
  A polar bear (IceCv)
  A black bear (D:6)
  An orc wizard (Orc:2)
  3 orcs (Orc:2)
  2 briar patches (Swamp:3)
  A fire vortex (Lair:4)
  12 fungi
  4 plants
25 creatures vanquished.

Grand Total: 922 creatures vanquished

Notes
Turn   | Place    | Note
-------+----------+-------------------------------------------
     0 | D:1      | greprep the Minotaur Fighter began the quest for the Orb.
     0 | D:1      | Reached XP level 1. HP: 19/19 MP: 0/0
   276 | D:1      | Reached XP level 2. HP: 26/27 MP: 1/1
   982 | D:2      | Reached XP level 3. HP: 30/33 MP: 2/2
  1040 | D:2      | Reached skill level 1 in Dodging
  1040 | D:2      | Reached skill level 4 in Shields
  1837 | D:3      | Reached XP level 4. HP: 39/40 MP: 3/3
  2632 | D:4      | Reached XP level 5. HP: 35/46 MP: 4/4
  2638 | D:4      | Reached skill level 5 in Armour
  2951 | D:4      | Noticed Duvessa
  2952 | D:4      | Noticed Dowan
  3223 | D:4      | Reached XP level 6. HP: 52/52 MP: 5/5
  3473 | D:4      | Reached skill level 5 in Long Blades
  4439 | D:4      | Killed Duvessa
  4439 | D:4      | Reached skill level 5 in Shields
  4439 | D:4      | Reached XP level 7. HP: 49/60 MP: 6/6
  4447 | D:4      | Killed Dowan
  4546 | D:5      | Entered Level 5 of the Dungeon
  5304 | D:5      | Reached skill level 5 in Fighting
  5363 | D:5      | Reached XP level 8. HP: 48/68 MP: 7/7
  5367 | D:5      | Reached skill level 6 in Shields
  6188 | D:6      | Found a staircase to the Ecumenical Temple.
  6197 | Temple   | Entered the Ecumenical Temple
  6274 | Temple   | Became a worshipper of Qazlal Stormbringer
  7249 | D:7      | Noticed inmateoo's ghost (novice TeTm)
  7759 | D:7      | Killed inmateoo's ghost
  7759 | D:7      | Reached skill level 5 in Dodging
  7759 | D:7      | Reached skill level 7 in Shields
  8025 | D:7      | Reached XP level 9. HP: 71/74 MP: 8/8
  8041 | D:7      | Found a sacrificial altar of Ru.
  9024 | D:8      | Reached * piety under Qazlal
  9221 | D:8      | Noticed a two-headed ogre
  9236 | D:8      | Noticed Erica
  9239 | D:8      | Killed a two-headed ogre
  9239 | D:8      | Reached skill level 10 in Long Blades
  9239 | D:8      | Reached skill level 8 in Shields
  9563 | D:8      | Killed Erica
  9563 | D:8      | Reached XP level 10. HP: 50/84 MP: 9/9
  9807 | D:8      | Noticed a two-headed ogre
  9815 | D:8      | Killed a two-headed ogre
  9815 | D:8      | Reached skill level 9 in Shields
 10152 | D:9      | Noticed Joseph
 10164 | D:9      | Killed Joseph
 10302 | D:9      | Found a staircase to the Orcish Mines.
 10380 | D:9      | Noticed Erolcha
 10394 | D:9      | Killed Erolcha
 10690 | D:9      | Noticed an orange crystal statue
 10703 | D:9      | Killed an orange crystal statue
 10900 | D:10     | Entered Level 10 of the Dungeon
 11057 | D:10     | Reached XP level 11. HP: 51/92 MP: 10/10
 11247 | D:10     | Reached ** piety under Qazlal
 11259 | D:10     | Reached skill level 10 in Shields
 11604 | D:10     | Noticed a two-headed ogre
 11609 | D:10     | Killed a two-headed ogre
 12434 | D:11     | Noticed a purple ugly thing
 12443 | D:11     | Killed a purple ugly thing
 12656 | D:11     | Noticed a death yak
 12657 | D:11     | Noticed a death yak
 12661 | D:11     | Noticed a death yak
 12664 | D:11     | Killed a death yak
 12664 | D:11     | Reached skill level 11 in Shields
 12666 | D:11     | Noticed a death yak
 12678 | D:11     | Noticed a death yak
 12784 | D:11     | Reached *** piety under Qazlal
 12901 | D:11     | Noticed a two-headed ogre
 12907 | D:11     | Killed a two-headed ogre
 12911 | D:11     | Noticed Maurice
 12920 | D:11     | Killed Maurice
 13020 | D:11     | Killed a death yak
 13044 | D:11     | Killed a death yak
 13044 | D:11     | Reached XP level 12. HP: 45/102 MP: 11/11
 13057 | D:11     | Killed a death yak
 13077 | D:11     | Killed a death yak
 13467 | D:11     | Noticed Nergalle
 13472 | D:11     | Killed Nergalle
 13605 | D:11     | Found a staircase to the Lair.
 13754 | D:11     | Reached **** piety under Qazlal
 13803 | D:11     | Noticed a vault guard
 13824 | D:11     | Killed a vault guard
 13824 | D:11     | Reached skill level 12 in Shields
 13955 | D:11     | Found a portal to a secret trove of treasure.
 14214 | D:12     | Reached skill level 1 in Invocations
 14232 | D:12     | Noticed Psyche
 14240 | D:12     | Killed Psyche
 14252 | D:12     | Reached skill level 10 in Armour
 14699 | D:12     | Reached ***** piety under Qazlal
 14821 | D:12     | Reached skill level 15 in Long Blades
 14831 | D:12     | Reached skill level 13 in Shields
 14861 | D:12     | Reached XP level 13. HP: 28/112 MP: 13/13
 15523 | D:13     | Reached skill level 10 in Dodging
 15591 | D:13     | Got a crude chain mail
 15977 | D:13     | Reached skill level 10 in Fighting
 16184 | D:13     | Found a frozen archway.
 16194 | D:13     | Reached skill level 14 in Shields
 16205 | IceCv    | Entered an ice cave
 16332 | IceCv    | Reached ****** piety under Qazlal
 16350 | IceCv    | Identified the +4 chain mail "Boleg" {rF+} (You found it on level 13 of the Dungeon)
 16549 | IceCv    | Reached skill level 1 in Polearms
 16733 | IceCv    | Noticed a frost giant
 17151 | IceCv    | Killed a frost giant
 17795 | D:14     | Reached XP level 14. HP: 109/122 MP: 16/16
 17846 | D:14     | Found a gate to the Vaults.
 17884 | D:14     | Reached skill level 5 in Polearms
 17999 | D:14     | Noticed Azrael
 18044 | D:14     | Killed Azrael
 18600 | D:15     | Entered Level 15 of the Dungeon
 18618 | D:15     | Reached skill level 15 in Shields
 18653 | D:15     | Reached skill level 5 in Invocations
 18658 | D:15     | Noticed a frost giant
 18670 | D:15     | Killed a frost giant
 18672 | D:15     | Paralysed by a floating eye for 3 turns
 18866 | D:15     | Got a slimy steel ring
 18867 | D:15     | Identified the ring of Qequozo {*Slow rC+ MR+ Int+4} (You took it off a boggart on level 15 of the Dungeon)
 18974 | D:15     | Noticed a frost giant
 18997 | D:15     | Killed a frost giant
 19095 | D:15     | Got a bound glass ring
 19122 | D:15     | Found Giromes's General Store.
 19140 | D:15     | Bought a scroll of teleportation for 39 gold pieces
 19140 | D:15     | Bought a potion of invisibility for 104 gold pieces
 19328 | D:15     | Noticed a stone giant
 19342 | D:15     | Killed a stone giant
 19377 | D:15     | Identified the ring "Borudo" {rPois Int+2} (You took it off a wight on level 15 of the Dungeon)
 19541 | D:15     | Got a scintillating glass ring
 19543 | D:15     | Identified the ring "Ciehiac" {MP+9 Slay+2} (You took it off a centaur warrior on level 15 of the Dungeon)
 19640 | D:15     | Noticed a frost giant
 19649 | D:15     | Killed a frost giant
 19723 | D:15     | Reached XP level 15. HP: 128/128 MP: 18/18
 19788 | D:15     | Found Meschav's Antique Armour Emporium.
 19800 | D:15     | Got a dazzling leather armour
 19811 | D:15     | Identified the +1 leather armour "Peenaodu" {Dex+3} (You found it on level 15 of the Dungeon)
 19823 | D:15     | Bought an embroidered scarf for 272 gold pieces
 19844 | D:15     | Bought a glowing hat for 238 gold pieces
 19943 | D:15     | Found Tezuxax's Gadget Emporium.
 20115 | D:15     | Found a staircase to the Depths.
 20237 | Lair:1   | Entered Level 1 of the Lair of Beasts
 20573 | Lair:1   | Reached skill level 10 in Polearms
 21036 | Lair:2   | Reached skill level 16 in Shields
 21642 | Lair:2   | Found an opulent altar of Gozag.
 22139 | Lair:3   | Found a hole to the Spider Nest.
 22284 | Lair:3   | Found a staircase to the Swamp.
 24040 | Lair:5   | Found a staircase to the Slime Pits.
 24267 | Lair:6   | Entered Level 6 of the Lair of Beasts
 24658 | Lair:6   | Reached skill level 17 in Shields
 24688 | Lair:6   | Found a labyrinth entrance.
 24996 | Lair:6   | Reached XP level 16. HP: 138/138 MP: 20/20
 25589 | Orc:1    | Entered Level 1 of the Orcish Mines
 25807 | Orc:1    | Found Anerun's Armour Shoppe.
 25970 | Orc:2    | Entered Level 2 of the Orcish Mines
 26620 | Orc:2    | Found Gaakhal's Antique Armour Emporium.
 26621 | Orc:2    | Found Irhoruaq's Antique Weapon Shoppe.
 26622 | Orc:2    | Found Vaekau's General Store.
 26622 | Orc:2    | Found Murrit Xenye's Book Emporium.
 26628 | Orc:2    | Bought a scroll of teleportation for 42 gold pieces
 26628 | Orc:2    | Bought a potion of curing for 42 gold pieces
 26628 | Orc:2    | Bought a scroll of remove curse for 42 gold pieces
 26640 | Orc:2    | Bought a jewelled plate armour for 1064 gold pieces
 26650 | Orc:2    | Identified the +4 plate armour of Past Mistakes {+Inv Str+3 Int-4 Stlth+} (You bought it in a shop on level 2 of the Orcish Mines)
 26914 | Orc:2    | Found a staircase to the Elven Halls.
 27071 | Orc:2    | Found Moyhenuy's Weapon Emporium.
 27348 | Swamp:1  | Entered Level 1 of the Swamp
 27348 | Swamp:1  | Noticed a thorn hunter
 27361 | Swamp:1  | Killed a thorn hunter
 27547 | Swamp:1  | Reached skill level 18 in Shields
 28486 | Swamp:2  | Noticed Donald
 28506 | Swamp:1  | Killed Donald
 28691 | Swamp:2  | Noticed a tentacled monstrosity
 28699 | Swamp:2  | Killed a tentacled monstrosity
 28843 | Swamp:2  | Noticed a thorn hunter
 28866 | Swamp:2  | Killed a thorn hunter
 29306 | Swamp:3  | Noticed a thorn hunter
 29340 | Swamp:3  | Killed a thorn hunter
 29340 | Swamp:3  | Reached XP level 17. HP: 116/148 MP: 22/22
 29454 | Swamp:3  | Noticed Nikola
 29821 | Swamp:3  | HP: 7/148 [Nikola/chain lightning (11)]
 29822 | Swamp:3  | Slain by Nikola

Skill      XL: |  1  2  3  4  5  6  7  8  9 10 11 12 13 14 15 16 |
---------------+-------------------------------------------------+-----
Armour         | 4 5 6 7 8 9 10 11 12 13 | 13.2
Dodging        | 1 2 3 5 7 8 9 10 11 12 | 12.4
Shields        | 4 5 7 8 9 11 13 14 15 17 18 | 18.8
Long Blades    | 3 4 5 7 8 10 12 14 15 | 15.4
Fighting       | 4 5 6 7 8 9 10 11 12 | 12.4
Invocations    | 2 4 6 7 8 |  8.8
Polearms       | 4 9 12 13 | 13.4
Evocations     | |  0.3

Action                   |  1- 3 |  4- 6 |  7- 9 | 10-12 | 13-15 | 16-18 || total
-------------------------+-------+-------+-------+-------+-------+-------++-------
Melee: Long sword        |    77 |   169 |   256 |       |       |       ||   502
       Headbutt          |    13 |    32 |    50 |   138 |   384 |   196 ||   813
       Great sword       |       |       |    18 |       |       |       ||    18
       Scimitar          |       |       |       |   572 |   249 |       ||   821
       Lance             |       |       |       |       |  1395 |   834 ||  2229
Invok: Elemental Force   |       |       |       |       |       |     1 ||     1
Evoke: Wand              |       |       |       |       |       |     3 ||     3
  Use: Scroll            |       |       |     8 |     6 |    22 |     7 ||    43
       Potion            |       |       |     4 |     4 |     2 |     4 ||    14
 Stab: Sleeping          |       |     1 |     6 |     1 |       |       ||     8
  Eat: Chunk             |     1 |     4 |       |     2 |     9 |     4 ||    20
       Bread ration      |     1 |       |     2 |     1 |     1 |     1 ||     6
       Meat ration       |       |       |     2 |     1 |       |       ||     3
       Royal jelly       |       |       |     1 |       |     6 |     4 ||    11
       Fruit             |       |       |       |     6 |     8 |     2 ||    16
Armor: Scale mail        |    40 |    49 |       |       |       |       ||    89
       Leather armour    |       |    15 |    82 |    50 |    22 |       ||   169
       Chain mail        |       |       |       |       |   237 |    23 ||   260
       Plate armour      |       |       |       |       |       |   106 ||   106
Dodge: Dodged            |    22 |    75 |   140 |   128 |   280 |   139 ||   784
       Deflected         |       |       |       |       |    19 |     6 ||    25
Block: Shield            |    37 |    99 |   161 |   312 |  1094 |   500 ||  2203
       Other             |       |       |     1 |       |     2 |       ||     3
       Large shield      |       |       |       |       |   102 |       ||   102
       Rpst.: Long sword |     9 |    17 |    30 |       |       |       ||    56
       Great sword       |       |       |     1 |       |       |       ||     1
       Scimitar          |       |       |       |    37 |    10 |       ||    47
